 Dungeon Crawl Stone Soup version 0.19-a0-860-g5c370dd (webtiles) character file.

474 4thArraOfDagon the Quickloader (level 7, 0/45 HPs)
             Began as an Octopode Hunter on July 2, 2016.
             Slain by a black bear (6 damage)
             ... on level 6 of the Dungeon.
             The game lasted 00:05:02 (1011 turns).

4thArraOfDagon the Quickloader (Octopode Hunter)    Turns: 1011, Time: 00:05:02

Health: 0/45       AC:  1    Str: 11    XL:     7   Next: 10%
Magic:  7/7        EV: 12    Int: 14    God:
Gold:   59         SH:  0    Dex: 14    Spells: 0 memorised, 6 levels left

rFire  . . .     SeeInvis .     a - +1 hand crossbow
rCold  . . .     Gourm    .     (no shield)
rNeg   . . .     Faith    .     (helmet restricted)
rPois  +         Spirit   .     (no amulet)
rElec  .         Dismiss  .     e - ring of poison resistance
rCorr  .         Reflect  .     (no ring)
SustAt .         Harm     .     (no ring)
MR     .....                    (no ring)
Stlth  +++.......               (no ring)
                                (no ring)
                                (no ring)
                                (no ring)

@: not resistant to hostile enchantments, fairly stealthy
A: almost no armour, amphibious, 8 rings, constrict 8, camouflage 1, gelatinous
body 1
a: no special abilities


You were on level 6 of the Dungeon.
You were not hungry.

You visited 1 branch of the dungeon, and saw 8 of its levels.

You collected 59 gold pieces.

Inventory:

Hand Weapons
 a - a +1 hand crossbow (weapon)
 b - a +0 short sword
Missiles
 c - 22 bolts (quivered)
 g - 4 curare-tipped needles
Jewellery
 e - a ring of poison resistance (left tentacle)
Wands
 m - a wand of disintegration (0/24)
Scrolls
 h - 2 scrolls of fog {unknown}
 k - a scroll of identify {unknown}
Potions
 j - a potion of cancellation {unknown}
Comestibles
 d - 4 bread rations
 f - a meat ration
 l - 2 slices of pizza


   Skills:
 - Level 2.1 Fighting
 + Level 8.2 Crossbows
 - Level 2.0 Dodging
 - Level 1.3 Stealth


You had 6 spell levels left.
You didn't know any spells.

Dungeon Overview and Level Annotations

Branches:
Dungeon (8/15)
 Temple: D:4-7         Lair: D:8-11

Altars:


Innate Abilities, Weirdness & Mutations

You cannot wear most types of armour.
You are amphibious.
You can wear up to eight rings at the same time.
You can use your tentacles to constrict eight enemies at once.
Your skin changes colour to match your surroundings (Stealth+).
Your rubbery body absorbs attacks. (AC +1)


Message History

* * * LOW HITPOINT WARNING * * *
The black bear claws you.
* * * LOW HITPOINT WARNING * * *
Unknown command.
Unknown command.
Evoke which item? (* to show all) (? for menu, Esc to quit)
This wand has no charges.
Unknown command.
Unknown command.
Unknown command.
Unknown command.
Unknown command.
Unknown command.
Unknown command.
Firing (i - inventory):
c - 23 bolts (quivered)
Press: ? - help, Shift-Dir - straight line, f/p - black bear
Aim: a black bear (moderately wounded)
You shoot a bolt. The bolt barely misses the black bear.
The black bear bites you.
You die...

#.# ..# #. ###
#.# .. # #.# .#
# ..# ###.# #
#.. ..#.#### #
#.# #....... #
##.#####...# #
#......@...# #
#..#####h#.....
#..# #.# ##.
#..# #.# #.
#..# #.#
#.##..# #(#
#.#...# ##(####
#.#..## #.((..#
#....# #.#.#(#


You could see a black bear.

Vanquished Creatures
  An ice beast (D:7)
  An ogre (D:5)
  2 giant frogs (D:6)
  A centaur zombie (D:7)
  A giant frog skeleton (D:6)
  An iguana (D:4)
  A worker ant (D:4)
  A hound zombie (D:6)
  An adder (D:5)
  A gnoll (D:5)
  A dart slug (D:4)
  A giant gecko (D:7)
  5 orcs (D:6)
  2 giant cockroaches
  A hobgoblin (D:1)
  2 kobolds (D:1)
  2 ball pythons
  3 bats
  2 giant newts (D:6)
  3 rats
33 creatures vanquished.

Notes
Turn   | Place    | Note
-------+----------+-------------------------------------------
     0 | D:1      | 4thArraOfDagon the Octopode Hunter began the quest for the Orb.
     0 | D:1      | Reached XP level 1. HP: 14/14 MP: 1/1
   157 | D:1      | Reached XP level 2. HP: 19/19 MP: 2/2
   301 | D:4      | Reached skill level 5 in Crossbows
   301 | D:4      | Reached XP level 3. HP: 24/24 MP: 3/3
   336 | D:4      | Reached XP level 4. HP: 29/29 MP: 4/4
   349 | D:5      | Entered Level 5 of the Dungeon
   357 | D:4      | Noticed an ogre
   361 | D:4      | fuck
   461 | D:5      | Noticed an ogre
   492 | D:5      | Killed an ogre
   492 | D:5      | Reached skill level 6 in Crossbows
   492 | D:5      | Reached XP level 5. HP: 27/34 MP: 5/5
   677 | D:7      | Noticed a yak
   677 | D:7      | Noticed a yak
   677 | D:7      | Noticed a yak
   677 | D:7      | Noticed a yak
   763 | D:7      | Noticed an ice beast
   766 | D:7      | Killed an ice beast
   766 | D:7      | Reached skill level 7 in Crossbows
   766 | D:7      | Reached XP level 6. HP: 39/39 MP: 6/6
   994 | D:6      | Noticed a black bear
  1004 | D:6      | Reached skill level 8 in Crossbows
  1004 | D:6      | Reached XP level 7. HP: 16/45 MP: 7/7
  1011 | D:6      | Slain by a black bear

Vault maps used:
D:1:      nicolae_arrival_memento_mori, corexii_corridor_pit
D:2:      gammafunk_pakellas_statue_experiment
D:3:      first_bread, st_stairs_7, moated_statue, roderic_roman_lattice,
          uniq_terence
D:4:      grunt_dithmenos_smoke_and_mirrors, grunt_ministairs_8,
          nemelex_spade_bored_becter
D:5:      yredelemnul_forgotten_temple_becter, serial_shops,
          nicolae_shop_statue_plus, trog_butcher_becter
D:6:      kennysheep_minor_cross, wad_woods_river_04, patterned_corridor
D:7:      nicolae_whirlpool, marbit_many_paths
D:8:      old_standard_altar, gammafunk_temple_overflow_statue,
          gammafunk_temple_overflow_pools, uniq_maurice, uniq_joseph, uniq_pikel

Skill      XL: |  1  2  3  4  5  6 |
---------------+-------------------+-----
Crossbows      | 5 6 7 8 |  8.2
Fighting       | |  2.1
Dodging        | |  2.0
Stealth        | |  1.3

Action                   |  1- 3 |  4- 6 |  7- 9 || total
-------------------------+-------+-------+-------++-------
Melee: Short sword       |       |     4 |       ||     4
       Constrict         |       |     1 |       ||     1
 Fire: Hand crossbow     |    23 |    63 |     1 ||    87
Evoke: Wand              |       |       |     2 ||     2
  Use: Scroll            |     2 |       |       ||     2
       Potion            |       |     2 |       ||     2
 Stab: Sleeping          |       |     1 |       ||     1
Armor: Skin              |       |     1 |     1 ||     2
Dodge: Dodged            |       |    23 |     1 ||    24
